AoeStats
← no one

Arabia

507817803Analyzed
1v1 RM · 13d ago on Sep 19, 2026· 32m 35s· 2 players
Game mode
Random Map
Map size
Tiny (2 player)
Population
200
Speed
Normal
Resources
Standard
Victory
Conquest
Starting age
Dark Age
Ending age
Imperial Age
RankedLock teamsTeams togetherTeam positionsShared explorationLock speedFull tech treeHidden civsTurbo modeCheats
Victory
Defeat
🇦🇷 Gurjaras · Argentina
1670
+10
🇧🇷 Magyars · Brazil
1532
-10
Bill
4:46 Loom
9:55 Feudal Age
15:11 Fletching
16:44 Horse Collar
19:29 Scale Barding Armor
24:43 Castle Age
23:08 Gold Mining
23:51 Scale Mail Armor
24:33 Bloodlines
24:24 Padded Archer Armor
25:38 Bodkin Arrow
27:17 Husbandry
28:18 Ballistics
28:50 Pikeman
no one
6:36 Loom
8:49 Feudal Age
9:32 Double-Bit Axe
10:13 Horse Collar
16:01 Fletching
20:43 Castle Age
19:37 Scale Barding Armor
20:18 Bloodlines
20:45 Gold Mining
25:20 Forging
25:44 Bow Saw
26:47 Husbandry
28:15 Chain Barding Armor
28:13 Town Watch
29:46 Stone Mining
32:30 Scale Mail Armor
Connection lost

Rejoining the realm…

Still unreachable

The connection could not be restored.

Session expired

The server has moved on; the page needs a fresh start.